 Dungeon Crawl Stone Soup version 0.29-a0-234-g0dae59b3db (webtiles) character file.

Game seed: 15930526042072473718

121 spaghetti the Ducker (level 5, -1/36 HPs)
             Began as an Octopode Fighter on Mar 3, 2022.
             Slain by a gnoll
             ... wielding a +0 halberd
              (14 damage)
             ... on level 2 of the Dungeon.
             The game lasted 00:02:49 (2567 turns).

spaghetti the Ducker (Octopode Fighter)             Turns: 2567, Time: 00:02:50

Health: -1/36      AC:  1    Str: 15    XL:     5   Next: 5%
Magic:  5/5        EV: 14    Int: 10    God:
Gold:   85         SH:  5    Dex: 14    Spells: 4/4 levels left

rFire   . . .      SeeInvis .   a - +0 long sword {long}
rCold   . . .      Faith    .   b - +0 buckler
rNeg    . . .      Spirit   .   (helmet restricted)
rPois   .          Reflect  .   (no amulet)
rElec   .          Harm     .   (no ring)
rCorr   .          Rampage  .   (no ring)
Will    .....                   (no ring)
Stlth   +++.......              (no ring)
HPRegen 0.12/turn               (no ring)
MPRegen 0.09/turn               (no ring)
                                (no ring)
                                (no ring)

@: no status effects
A: almost no armour, amphibious, 8 rings, camouflage 1, gelatinous body 1,
(nimble swimmer 1), tentacles
a: no special abilities


You were on level 2 of the Dungeon.
You visited 1 branch of the dungeon, and saw 2 of its levels.

You collected 85 gold pieces.


Innate Abilities, Weirdness & Mutations

You cannot wear most types of armour.
You are amphibious.
You can wear up to eight rings at the same time.
Your skin changes colour to match your surroundings (Stealth+).
Your rubbery body absorbs attacks. (AC +1, EV +1)
((You are camouflaged when in or above water. (Stealth+)))
You have tentacles for arms and can constrict up to eight enemies at once.


   Skills:
 - Level 3.0 Fighting
 - Level 2.0 Long Blades
 + Level 5.2 Dodging
 + Level 2.2 Stealth
 - Level 3.0 Shields


You had 4 spell levels left.
You didn't know any spells.
Your spell library was empty.

Inventory:

Hand Weapons
 a - a +0 long sword (weapon) {long}
 i - a +1 dagger of holy wrath {short}
   (You took it off a goblin on level 2 of the Dungeon)
Missiles
 d - 78 stones (quivered) {throwing}
 g - 6 poisoned darts {throwing}
Armour
 b - a +0 buckler (worn)
Jewellery
 f - a ring of ice
   (You found it on level 1 of the Dungeon)
Scrolls
 e - a scroll of amnesia
Potions
 c - a potion of lignification {unknown}
 h - 2 potions of curing {unknown}

Dungeon Overview and Level Annotations

Branches:
Dungeon (2/15)

Altars:

........#............+........#
#####...#.##.........###....#.#
##.<..###.......## #...##.#
###.## ##.....## #......# #.#
##...## ##.##### #.# ##+## #.#
##.#######.########.#
#.................#.#
#.###.##..@##### #.# #.
#.##...>## #.# #. #.##...[g#
#.# #. #......>.S..>...# #<
####...######.# #. #..## #.
....# ####.. ###


You could see a gnoll and an adder.


Message History

๐Ÿ˜จ HP[-2]
You take 2 damage, and now have 15/31 hp.
You hit the goblin.
You kill the goblin!
Items here: )) โ€ โ€ .
You start resting.
A goblin is nearby! ๐Ÿ˜ฎ HP[+1]
A goblin is nearby!
The goblin hits you with a +0 club.
* * * LOW HITPOINT WARNING * * *
๐Ÿ˜จ HP[-2]
You take 2 damage, and now have 14/31 hp.
You hit the goblin. Your grab misses the goblin.
Your squeeze misses the goblin. You block the goblin's attack.
The goblin barely misses you.
You slash the goblin!
You kill the goblin!
Things that are here:
a +0 club {mace}; a goblin corpse; ๐Ÿ˜จ HP[+1]
You start resting. ๐Ÿ˜Ž HP[+16]
Your hp is fully restored (31).
d - 70 stones {throwing} (gained 1)
d - 71 stones {throwing} (gained 1)
d - 72 stones {throwing} (gained 1)
d - 74 stones {throwing} (gained 2)
Items here: )) โ€ โ€ .
d - 75 stones {throwing} (gained 1)
d - 76 stones {throwing} (gained 1)
d - 77 stones {throwing} (gained 1)
h - 2 inky potions (gained 1);
d - 78 stones {throwing} (gained 1)
Things that are here:
a +0 dagger {short}; a +0 animal skin; a +0 helmet Key pressed, stopping explore.
Items here: )) รท โ€ .
There is a stone staircase leading up here.
Found a stone staircase leading down.
There is a stone staircase leading down here.
As you open the door, it creaks loudly!
No target in view!
There is an open door here.
You open the door.
There is an open door here.
Key pressed, stopping explore.
You now have 85 gold pieces (gained 18).
j - a scroll labelled WIONWEZYIB
As you read the scroll labelled WIONWEZYIB, it crumbles to dust.
Magic quickly surges around you.
It was a scroll of vulnerability.
There is an open door here.
There is an open door here.
Things that are here:
a +0 club {mace}; a +0 dagger {short}; a goblin skeleton Key pressed, stopping explore.
You feel your willpower return.
Things that are here:
a +0 dagger {short}; a +0 animal skin; a +0 helmet You see here a +0 dagger {short}.
Things that are here:
a +0 club {mace}; a +0 dagger {short} You see here a +0 dagger {short}.
There is an escape hatch in the ceiling here.
Found a stone staircase leading up.
Found a stone staircase leading down.
Found a stone staircase leading down.
A gnoll comes into view. It is wielding a +0 club.
Found an escape hatch in the floor.
The gnoll shouts!
You hear a shout!
A gnoll comes into view. It is wielding a +0 flail.
There are monsters nearby!
A gnoll comes into view. It is wielding a +0 halberd.
You see here a +0 ring mail.
You slash the gnoll! You grab the gnoll. You constrict the gnoll.
The gnoll barely misses you.
You slash the gnoll!
You kill the gnoll!
An adder comes into view.
The gnoll misses you.
Your Stealth skill increases to level 2!
You slash the gnoll! You grab the gnoll.
You constrict the gnoll, but do no damage.
The gnoll barely misses you.
The gnoll hits you with a +0 flail! ๐Ÿ˜ฎ HP[-8]
You take 8 damage, and now have 23/31 hp.
MASSIVE DAMAGE!! (PAUSE)
You hit the gnoll. You constrict the gnoll.
You kill the gnoll!
The gnoll hits you from afar with a +0 halberd!
* * * LOW HITPOINT WARNING * * *
You have reached level 5!
You feel agile. ๐Ÿ˜จ HP[-11] MP[+1]
You now have 36 max hp (+5).
You take 11 damage, and now have 12/36 hp.
MASSIVE DAMAGE!! (PAUSE)
Your mp is fully restored (5).
Unknown command. ๐Ÿ˜จ HP[+1]
The gnoll hits you from afar with a +0 halberd!
You die...

Skill      XL: |  1  2  3  4 |
---------------+-------------+-----
Dodging        | 4 5 |  5.2
Stealth        | 2 |  2.2
Fighting       | |  3.0
Long Blades    | |  2.0
Shields        | |  3.0

Action                   |  1- 3 |  4- 6 || total
-------------------------+-------+-------++-------
Melee: Long sword        |    69 |    47 ||   116
       Constrict         |    23 |    15 ||    38
       Tentacles         |    11 |    10 ||    21
Throw: Stone             |     2 |    17 ||    19
  Use: Scroll            |     3 |     2 ||     5
       Potion            |     1 |       ||     1
 Stab: Sleeping          |     6 |     1 ||     7
Armor: Skin              |     4 |     2 ||     6
Dodge: Dodged            |    40 |    31 ||    71
Block: Buckler           |    11 |     4 ||    15

Levels and vault maps discovered:
D:1:      dpeg_arrival_caged_fury, layout_basic,
          shapermc_ecumenical_altar_totnotflames
D:2:      layout_loops_corners, kennysheep_generic_room_5, uniq_robin

Notes
Turn   | Place    | Note
-------+----------+-------------------------------------------
     0 | D:1      | spaghetti the Octopode Fighter began the quest for the Orb.
     0 | D:1      | Reached XP level 1. HP: 16/16 MP: 1/1
     0 | D:1      | magus.rc [v1.9.6]
     1 | D:1      | Found a runed translucent door.
   262 | D:1      | Reached XP level 2. HP: 20/21 MP: 2/2
   313 | D:1      | HP: 5/21 [bat (1)]
   738 | D:1      | Reached skill level 4 in Dodging
   765 | D:1      | Reached XP level 3. HP: 26/26 MP: 3/3
  1114 | D:1      | Found a faded altar of an unknown god.
  1320 | D:1      | Reached XP level 4. HP: 20/31 MP: 4/4
  1851 | D:2      | Noticed Robin
  1885 | D:2      | Reached skill level 5 in Dodging
  2021 | D:2      | Killed Robin
  2022 | D:2      | Reached skill level 1 in Stealth
  2564 | D:2      | Reached skill level 2 in Stealth
  2566 | D:2      | Reached XP level 5. HP: 12/36 MP: 5/5
  2567 | D:2      | Slain by a gnoll

Vanquished Creatures
  Robin (D:2)
  2 gnolls (D:2)
  2 worms
  4 dart slugs (D:1)
  6 endoplasms (D:1)
  8 giant cockroaches (D:1)
  9 goblins
  10 hobgoblins
  5 jackals (D:1)
  5 kobolds
  4 quokkas
  2 bats
  2 frilled lizards
  8 rats
68 creatures vanquished.

Table legend:
 A = Non-vault XP
 B = Vault XP
 C = Vault XP percentage of total XP
 D = Non-vault monster count
 E = Vault monster count
 F = Vault count percentage of total count
                 A         B        C        D         E       F
            +---------+---------+-------+---------+---------+-------
      Total |      99 |      74 |  42.8 |      36 |      32 |  47.1
            +---------+---------+-------+---------+---------+-------
        D:1 |      52 |      32 |  38.1 |      24 |      17 |  41.5
        D:2 |      47 |      42 |  47.2 |      12 |      15 |  55.6
            +---------+---------+-------+---------+---------+-------

Illustrated notes

Table legend:
 A = Kills in this place as a percentage of kills in entire the game.
 B = Kills by you in this place as a percentage of kills by you in the entire game.
 C = Kills by friends in this place as a percentage of kills by friends in the entire game.
 D = Other kills in this place as a percentage of other kills in the entire game.
 E = Experience gained in this place as a percentage of experience gained in the entire game.
 F = Experience gained in this place divided by the number of levels of this place that you have seen.
                   A       B       C       D       E      F
               +-------+-------+-------+-------+-------+----------------------
         Total | 100.0 | 100.0 |   N/A |   N/A | 100.0 |  86.5
       Dungeon | 100.0 | 100.0 |   N/A |   N/A | 100.0 |  86.5
               +-------+-------+-------+-------+-------+----------------------

Table legend: (Time is in decaauts)
 A = Elapsed time spent in this place.
 B = Non-inter-level travel time spent in this place.
 C = Inter-level travel time spent in this place.
 D = Time resting spent in this place.
 E = Time spent auto-exploring this place.
 F = Levels seen in this place.
 G = Mean time per level.
                   A        B        C        D        E       F      G
               +--------+--------+--------+--------+--------+-----+--------+
         Total |   2609 |   2604 |      5 |    737 |   1471 |   2 | 1304.5 |
       Dungeon |   2609 |   2604 |      5 |    737 |   1471 |   2 | 1304.5 |
               +--------+--------+--------+--------+--------+-----+--------+

Top non-repeatable levels by time:
     D:1: 1349 daAuts
     D:2: 1259 daAuts
